 Dungeon Crawl Stone Soup version 0.25.1-1-g288607f5aa (webtiles) character file.

Game seed: 15357669901009381148

14525 Acheron the Grappler (level 11, 0/102 HPs)
             Began as a Troll Hunter on July 28, 2020.
             Was a High Priest of Okawaru.
             Slain by a yak (7 damage)
             ... led by a torpor snail
             ... on level 3 of the Lair of Beasts.
             The game lasted 00:51:30 (10284 turns).

Acheron the Grappler (Troll Hunter)                Turns: 10284, Time: 00:51:30

Health: 0/102      AC: 10    Str: 28    XL:     11   Next: 89%
Magic:  13/13      EV: 12    Int:  8    God:    Okawaru [*****.]
Gold:   552        SH:  0    Dex: 12    Spells: 13/14 levels left

rFire    . . .     SeeInvis .     - Unarmed
rCold    . . .     Gourm    +   (no shield)
rNeg     . . .     Faith    .   H - +0 steam dragon scales
rPois    .         Spirit   .   (helmet restricted)
rElec    .         Reflect  .   E - +0 cloak
rCorr    .         Harm     .   (gloves unavailable)
MR       +....                  (boots unavailable)
Stlth    ++........             (no amulet)
HPRegen  0.67/turn              D - +6 ring of strength
MPRegen  0.13/turn              o - ring of protection from magic

@: slowed, very slow
A: large, unfitting armour, claws 3, fast metabolism 3, gourmand, regeneration
1, shaggy fur 1, tough skin 3
a: Heroism, Finesse, Renounce Religion


You were on level 3 of the Lair of Beasts.
You worshipped Okawaru.
Okawaru was extremely pleased with you.
You were very full.

You visited 3 branches of the dungeon, and saw 15 of its levels.

You collected 552 gold pieces.

Inventory:

Hand Weapons
 s - a +3 dagger of flaming
 w - a +0 broad axe
 F - a +1 hand axe of holy wrath
 G - a +1 flail of protection
 I - a +2 scimitar of flaming
 M - a +0 war axe
 O - a +2 hunting sling of freezing
Missiles
 c - 6 large rocks
 d - 4 throwing nets
 h - 112 stones
 n - 13 sling bullets
 r - 13 poisoned darts
 v - 6 javelins (quivered)
 x - 7 boomerangs
Armour
 B - a +0 kite shield
 E - a +0 cloak (worn)
 H - +0 steam dragon scales (worn)
Magical Staves
 b - an uncursed staff of wizardry
Jewellery
 k - an uncursed ring of positive energy
 o - a ring of protection from magic (right claw)
 t - an uncursed ring of positive energy
 D - a +6 ring of strength (left claw)
 J - an uncursed ring of wizardry {unknown}
Wands
 y - a wand of flame (10)
 C - a wand of random effects (11)
 K - a wand of iceblast (10)
Scrolls
 a - 5 scrolls of remove curse
 p - 2 scrolls of amnesia
 q - 2 scrolls of identify
 z - 6 scrolls of teleportation
 A - a scroll of fear
 L - a scroll of enchant weapon
 P - a scroll of random uselessness {unknown}
 R - a scroll of fog
Potions
 e - 2 potions of stabbing
 g - a potion of cancellation {unknown}
 i - 7 potions of curing
 j - 2 potions of lignification
 l - a potion of heal wounds
 m - a potion of flight {unknown}
 u - 3 potions of brilliance
 N - a potion of haste {unknown}
Comestibles
 f - 23 rations


   Skills:
 * Level 5.0 Fighting
 * Level 6.1 Throwing
 * Level 6.1 Dodging
 * Level 3.7 Stealth
 * Level 3.6 Shields
 * Level 11.3 Unarmed Combat
 * Level 2.1 Spellcasting
 * Level 2.7 Transmutations
 * Level 4.3 Invocations
 * Level 3.4 Evocations


You had 13 spell levels left.
You knew the following spells:

 Your Spells              Type           Power        Failure   Level  Hunger
a - Beastly Appendage     Tmut           #.....       12%         1    ##.....

Your spell library contained the following spells:

 Spells                   Type           Power        Failure   Level  Hunger
 Sticks to Snakes         Tmut           #.......     17%         2    ###....
 Corona                   Hex            #......      34%         1    ##.....
 Magic Dart               Conj           #...         34%         1    ##.....
 Blink                    Tloc           N/A          47%         2    ###....
 Ensorcelled Hibernation  Hex/Ice        #.....       47%         2    ###....
 Searing Ray              Conj           #.....       47%         2    ###....
 Shroud of Golubria       Chrm/Tloc      #.....       47%         2    ###....
 Spider Form              Tmut/Pois      #.........   52%         3    ####...
 Confusing Touch          Hex            #.......     71%         3    ####...
 Dazzling Flash           Conj/Hex       #.....       71%         3    ####...
 Gell's Gravitas          Tloc           #.........   71%         3    ####...
 Lesser Beckoning         Tloc           #.........   71%         3    ####...
 Teleport Other           Tloc           #.......     71%         3    ####...
 Tukima's Dance           Hex            #.......     71%         3    ####...
 Ice Form                 Ice/Tmut       #.......     90%         4    #####..
 Blade Hands              Tmut           #.........   97%         5    ######.
 Fulminant Prism          Conj/Hex       #.........   98%         4    #####..
 Iskenderun's Mystic Bla  Conj/Tloc      #.......     98%         4    #####..
 Passage of Golubria      Tloc           N/A          98%         4    #####..


Dungeon Overview and Level Annotations

Branches:
Dungeon (11/15)            Temple (1/1) D:5            Lair (3/6) D:10
 Spider (0/4) Lair:2
  Swamp: Lair:2-4    Shoals: Lair:2-4       Orc: D:9-12

Altars:
Ashenzari
Cheibriados
Dithmenos
Elyvilon
Fedhas
Gozag
Hepliaklqana
Kikubaaqudgha
Makhleb
Nemelex Xobeh
Okawaru
Qazlal
Ru
Sif Muna
Trog
Uskayaw
Vehumet
Wu Jian
Xom
Yredelemnul
Zin
The Shining One

Annotations:
D:3 exclusion: downstairs
D:9 2 runed translucent doors, dengdeng's ghost, novice MiBe
D:10 Erica
Lair:1 exclusion: oklob plant
Lair:2 exclusions: downstairs and 2 oklob plants
Lair:3 Sonja


Innate Abilities, Weirdness & Mutations

You are too large for most types of armour.
You have claws for hands.
Your metabolism is lightning-fast.
You like to eat raw meat.
Your natural rate of healing is unusually fast.
You are covered in fur. (AC +1)
You have extremely tough skin. (AC +3)


Message History

You feel much better. The yak barely misses you. x2
The torpor snail closely misses you. The yak gores you!
* * * LOW HITPOINT WARNING * * *
The yak gores you but does no damage.
You mangle the yak!! You claw the yak!
The yak is almost dead.
The yak gores you!
* * * LOW HITPOINT WARNING * * *
The yak completely misses you. The yak gores you.
* * * LOW HITPOINT WARNING * * *
The torpor snail bites you.
* * * LOW HITPOINT WARNING * * *
You feel much better. The yak gores you but does no damage. The yak gores you!
* * * LOW HITPOINT WARNING * * *
The yak gores you but does no damage. The torpor snail bites you!
* * * LOW HITPOINT WARNING * * *
The yak gores you but does no damage. The yak gores you but does no damage.
The yak closely misses you. The yak completely misses you. The yak gores you!
You die...

#≈≈≈≈≈≈≈## #..≈.≈≈###
#P.≈≈≈≈... #..≈≈≈≈...
### ###...≈≈≈≈..
####.###.#..≈≈≈....
####PP#..P.....≈≈≈≈...
.......wY......≈≈≈≈[..
.......YY@.....≈≈≈≈...
#####.†##.#....≈≈.≈...
##.#.##....≈≈≈≈...
#$.###...≈≈≈≈≈...
#Y... #####≈≈≈≈..
#.....# ≈.≈≈. .....#
≈≈≈ ..... ....


You could see a torpor snail and 3 yaks.

Vanquished Creatures
  Harold (D:8)
  A two-headed ogre (D:9)
  A deep elf mage (D:11)
  3 elephants (Lair:2)
  A black mamba (Lair:3)
  Maurice (D:8)
  Maggie (D:8)
  A komodo dragon (Lair:1)
  A troll (D:9)
  2 polar bears
  4 hippogriffs
  A human (D:9)
  30 yaks
  6 water moccasins
  5 porcupines
  3 sky beasts
  An orc warrior (D:10)
  A slave (D:8)
  4 wolves (Lair:1)
  An ice beast (D:10)
  3 ogres
  2 phantoms (D:7)
  2 centaurs
  10 bullfrogs
  A wyvern skeleton (D:9)
  A water moccasin skeleton (D:9)
  7 killer bees
  2 jellies (D:9)
  2 howler monkeys (D:10)
  5 crimson imps
  A bullfrog zombie (D:10)
  3 hounds
  A bullfrog skeleton (D:7)
  10 orc wizards
  A centaur skeleton (D:4)
  3 orc priests
  Jessica (D:2)
  An iguana (D:10)
  6 worker ants
  2 hound skeletons
  8 adders
  3 gnolls (D:2)
  2 shadow imps (D:6)
  An adder zombie (D:9)
  An adder skeleton (D:4)
  A worm (D:5)
  A dart slug (D:2)
  A leopard gecko (D:8)
  19 orcs
  A bat (D:1)
  2 giant cockroaches
  4 goblins
  5 hobgoblins
  2 jackals (D:4)
  A quokka (D:9)
  A frilled lizard (D:3)
  9 kobolds
  5 rats
200 creatures vanquished.

Vanquished Creatures (others)
  3 plants (Lair:1)
3 creatures vanquished.

Grand Total: 203 creatures vanquished

Notes
Turn   | Place    | Note
-------+----------+-------------------------------------------
     0 | D:1      | Acheron the Troll Hunter began the quest for the Orb.
     0 | D:1      | Reached XP level 1. HP: 19/19 MP: 0/0
   229 | D:1      | Reached XP level 2. HP: 28/28 MP: 1/1
   248 | D:1      | Found a glowing golden altar of the Shining One.
  1123 | D:2      | Found a faded altar of an unknown god.
  1185 | D:2      | Noticed Jessica
  1190 | D:2      | Killed Jessica
  1190 | D:2      | Reached skill level 1 in Stealth
  1190 | D:2      | Reached skill level 1 in Unarmed Combat
  1190 | D:2      | Reached XP level 3. HP: 35/35 MP: 2/2
  1234 | D:2      | Reached XP level 4. HP: 23/42 MP: 3/3
  1767 | D:3      | Reached skill level 2 in Unarmed Combat
  1804 | D:3      | Reached XP level 5. HP: 37/49 MP: 4/4
  2227 | D:4      | Reached skill level 3 in Unarmed Combat
  2371 | D:4      | Reached XP level 6. HP: 52/59 MP: 5/5
  2652 | D:4      | Found a sparkling altar of Nemelex Xobeh.
  2659 | D:4      | Reached skill level 4 in Unarmed Combat
  2934 | D:5      | Entered Level 5 of the Dungeon
  3545 | D:6      | Reached XP level 7. HP: 66/66 MP: 6/6
  3666 | D:5      | Found a staircase to the Ecumenical Temple.
  3678 | Temple   | Entered the Ecumenical Temple
  3870 | Temple   | Became a worshipper of Warmaster Okawaru
  4005 | D:5      | Found a glowing golden altar of the Shining One.
  4386 | D:7      | Reached skill level 5 in Unarmed Combat
  4414 | D:7      | Found a shadowy altar of Dithmenos.
  4533 | D:7      | Reached * piety under Okawaru
  4533 | D:7      | Reached skill level 1 in Invocations
  4533 | D:7      | Reached XP level 8. HP: 71/75 MP: 7/7
  4740 | D:8      | Reached skill level 6 in Unarmed Combat
  4740 | D:8      | Reached skill level 1 in Evocations
  4844 | D:8      | Found a bloodstained altar of Trog.
  4844 | D:8      | Found a stormy altar of Qazlal.
  4845 | D:8      | Noticed a two-headed ogre
  4890 | D:8      | Noticed Maggie
  4937 | D:8      | Noticed Maurice
  4951 | D:8      | Killed Maurice
  4951 | D:8      | Reached skill level 1 in Shields
  5109 | D:8      | Noticed Harold
  5121 | D:8      | Killed Harold
  5121 | D:8      | Reached ** piety under Okawaru
  5121 | D:8      | Reached skill level 7 in Unarmed Combat
  5121 | D:8      | Reached XP level 9. HP: 65/84 MP: 6/9
  5193 | D:8      | Killed Maggie
  5193 | D:8      | Reached skill level 5 in Throwing
  5203 | D:8      | Reached *** piety under Okawaru
  5279 | D:8      | Found an ancient bone altar of Kikubaaqudgha.
  5541 | D:8      | Reached skill level 8 in Unarmed Combat
  5737 | D:8      | Noticed a two-headed ogre
  5838 | D:10     | Entered Level 10 of the Dungeon
  5975 | D:9      | Learned a level 1 spell: Beastly Appendage
  5984 | D:9      | Noticed a troll
  6135 | D:9      | Killed a troll
  6164 | D:9      | Found a shattered altar of Ashenzari.
  6308 | D:9      | Reached skill level 5 in Dodging
  6558 | D:9      | Found a large runed translucent door.
  6558 | D:9      | Found a large runed translucent door.
  6562 | D:9      | Noticed dengdeng's ghost (novice MiBe)
  6632 | D:9      | Reached XP level 10. HP: 86/92 MP: 11/11
  6639 | D:9      | Reached **** piety under Okawaru
  6689 | D:9      | Noticed a two-headed ogre
  6731 | D:9      | Killed a two-headed ogre
  6731 | D:9      | Reached skill level 9 in Unarmed Combat
  6731 | D:9      | Reached skill level 1 in Transmutations
  6759 | D:9      | Reached skill level 1 in Spellcasting
  7142 | D:10     | Noticed a gargoyle
  7692 | D:10     | Found a staircase to the Lair.
  7697 | D:10     | Reached ***** piety under Okawaru
  7828 | D:10     | Reached skill level 10 in Unarmed Combat
  7877 | D:10     | Noticed Erica
  8011 | D:10     | Received a gift from Okawaru
  8011 | D:10     | Reached XP level 11. HP: 101/101 MP: 12/12
  8114 | D:11     | Noticed a deep elf mage
  8117 | D:11     | Killed a deep elf mage
  8169 | Lair:1   | Entered Level 1 of the Lair of Beasts
  8637 | Lair:1   | Noticed an oklob plant
  8764 | Lair:2   | Found a hole to the Spider Nest.
  8764 | Lair:2   | Noticed an orb spider
  9226 | Lair:2   | Noticed an oklob plant
  9236 | Lair:2   | Paralysed by a floating eye for 3 turns
  9267 | Lair:1   | Received a gift from Okawaru
  9665 | Lair:3   | Noticed Sonja
  9794 | Lair:2   | Reached skill level 11 in Unarmed Combat
  9833 | Lair:2   | Noticed an oklob plant
  9926 | Lair:2   | Reached skill level 5 in Fighting
 10282 | Lair:3   | HP: 5/102 [torpor snail (17)]
 10284 | Lair:3   | Slain by a yak

Illustrated notes

Levels and vault maps discovered:
D:1:      scummos_arrival_gate, layout_basic, tso_metal_star
D:2:      layout_basic, chequers_ecumenical_altar_island, uniq_jessica
D:3:      layout_loops_ring, kennysheep_generic_room_14
D:4:      layout_layer_cave, nemelex_xobeh_ov_fountains_minmay, first_ration,
          uniq_eustachio
D:5:      layout_gridville, lemuel_coloured_pillars_altar,
          minmay_temple_entry_offerings
D:6:      layout_rooms, kennysheep_path_1, minmay_manual_mess, uniq_edmund
D:7:      layout_rooms, grunt_dithmenos_shadows
D:8:      layout_loops_ring, kennysheep_mini_moat,
          gammafunk_temple_overflow_pools, uniq_maggie, uniq_maurice,
          uniq_harold, uniq_pikel
D:9:      layout_irregular_city, ebering_ghost_disaster_area, grunt_pizzeria,
          minivault_5, nicolae_zen_rock_garden, nicolae_ashenzari_panopticon
D:10:     layout_roguey, lair_entry_dummy, biasface_ghost_orc_armoury,
          nrook_mini_backslash, hangedman_abyss_or_decor_stagger,
          lemuel_hellish_altar, uniq_erica
D:11:     layout_cross, ebering_ghost_rock_garden
Temple:   eino_temple_scatter_basement
Lair:1:   cheibrodos_lair_river_kwai, layout_cellular_growth,
          gammafunk_lair_bear_cave, grunt_megastairs_2, lemuel_fruit_fields,
          minmay_lair_oklob_chamber
Lair:2:   layout_cave_pods, nicolae_spider_entry_orb_guardian, disabler_island
Lair:3:   layout_cave_pods, chequers_serial_rivers_large_a,
          columned_hall_lemuel, infiniplex_staircase_pool, uniq_gastronok,
          uniq_sonja

Skill      XL: |  1  2  3  4  5  6  7  8  9 10 11 |
---------------+----------------------------------+-----
Throwing       | 4 5 6 |  6.1
Stealth        | 1 2 3 |  3.7
Unarmed Combat | 1 2 3 4 5 7 8 10 11 | 11.3
Dodging        | 2 3 4 5 6 |  6.1
Fighting       | 2 3 4 5 |  5.0
Invocations    | 1 2 3 4 |  4.3
Evocations     | 1 2 3 |  3.4
Shields        | 1 2 3 |  3.6
Transmutations | 1 2 |  2.7
Spellcasting   | 1 2 |  2.1

Action                   |  1- 3 |  4- 6 |  7- 9 | 10-12 || total
-------------------------+-------+-------+-------+-------++-------
Melee: Unarmed           |    69 |   149 |   221 |   337 ||   776
       Punch             |       |     2 |    11 |    29 ||    42
Throw: Boomerang         |       |       |     5 |       ||     5
       Javelin           |       |       |     4 |    20 ||    24
Invok: Heroism           |       |       |     4 |     3 ||     7
  Use: Scroll            |     6 |     4 |     4 |     2 ||    16
       Potion            |       |       |       |     2 ||     2
 Stab: Sleeping          |       |     3 |     5 |     1 ||     9
  Eat: Chunk             |     9 |    24 |    28 |    34 ||    95
       Ration            |     1 |       |       |       ||     1
Armor: Robe              |    17 |    45 |    33 |       ||    95
       Steam dragon scal |       |       |    26 |   126 ||   152
Dodge: Dodged            |    39 |    68 |   111 |   215 ||   433
